 Dungeon Crawl Stone Soup version 0.31.0-11-ge490571c62 (webtiles) character file.

Game seed: 12832181121850882955

6365 cdecastro the Thaumaturge (level 10, -1/45 HPs)
             Began as a Deep Elf Fire Elementalist on Jan 26, 2024.
             Was an Elder of Hepliaklqana.
             Slain by a yak (11 damage)
             ... on level 9 of the Dungeon on Jan 27, 2024.
             The game lasted 00:21:02 (9230 turns).

cdecastro the Thaumaturge (DEFE)                    Turns: 9230, Time: 00:21:02

Health: -1/45      AC:  7    Str:  5    XL:     10   Next: 65%
Magic:  4/26       EV: 17    Int: 25    God:    Hepliaklqana [****..]
Gold:   114        SH:  0    Dex: 15    Spells: 16/29 levels left

rFire   . . .        a - staff of conjuration
rCold   + . .        (no shield)
rNeg    . . .        w - +0 steam dragon scales
rPois   .            (no helmet)
rElec   .            E - +0 cloak
rCorr   .            F - +0 pair of gloves
SInv    .            (no boots)
Will    +....        (no amulet)
Stlth   ++           f - ring of protection from cold
HPRegen 0.27/turn    (no ring)
MPRegen 0.20/turn

%: no passive effects
@: no status effects
A: reduced essence
a: Renounce Religion, Recall Ancestor, Ancestor Identity, Transference, Idealise


You were on level 9 of the Dungeon.
You worshipped Hepliaklqana.
Hepliaklqana was greatly pleased with you.
You visited 2 branches of the dungeon, and saw 10 of its levels.

You collected 520 gold pieces.
You spent 406 gold pieces at shops.

Inventory:

Hand Weapons
 b - a +2 whip of flaming
 m - a +4 dagger of venom
Armour
 w - +0 steam dragon scales (worn)
 E - a +0 cloak (worn)
 F - a +0 pair of gloves (worn)
Magical Staves
 a - a staff of conjuration (weapon)
Jewellery
 f - a ring of protection from cold (left hand)
 p - a ring of ice
Talismans
 y - a flux talisman
 C - a serpent talisman
Wands
 k - a wand of flame (34)
 v - a wand of polymorph (7)
 x - a wand of charming (13)
 D - a wand of light (10)
Scrolls
 c - 3 scrolls of noise {unknown}
 i - 7 scrolls of identify
 l - 2 scrolls of amnesia
 n - 3 scrolls of poison
 r - 3 scrolls of teleportation {unknown}
 s - a scroll of vulnerability {unknown}
 t - 3 scrolls of blinking
 u - 2 scrolls of fear {unknown}
 G - 3 scrolls of revelation
 H - a scroll of immolation
Potions
 d - 3 potions of curing {unknown}
 e - a potion of brilliance {unknown}
 g - a potion of heal wounds {unknown}
 h - 3 potions of attraction {unknown}
 j - a potion of ambrosia {unknown}
 o - a potion of degeneration {unknown}
 q - 2 potions of resistance {unknown}
 z - 2 potions of berserk rage {unknown}
 A - a potion of might {unknown}
 B - 2 potions of magic


   Skills:
 + Level 9.4 Dodging
 - Level 2.4 Stealth
 - Level 10.0 Spellcasting
 - Level 10.0 Conjurations
 - Level 10.0 Fire Magic


You had 16 spell levels left.
You knew the following spells:

 Your Spells              Type           Power      Damage    Failure   Level
a - Foxfire               Conj/Fire      100%       2x1d9     1%          1
b - Scorch                Fire           100%       2d9       1%          2
c - Inner Flame           Hex/Fire       37%        N/A       1%          3
d - Volatile Blastmotes   Fire/Tloc      74%        2d16      1%          3
e - Flame Wave            Conj/Fire      76%        2d17      1%          4

Your spell library contained the following spells:

 Spells                   Type           Power      Damage    Failure   Level
 Sting                    Conj/Alch      100%       1d9       1%          1
 Necrotise                Necr           48%        1d6       4%          1
 Mercury Vapours          Alch/Air       24%        N/A       8%          2
 Gell's Gravitas          Tloc           12%        N/A       14%         3
 Teleport Other           Tloc           12%        N/A       14%         3
 Vampiric Draining        Necr           12%        2d6       14%         3
 Martyr's Knell           Necr/Summ      12%        N/A       43%         4
 Olgreb's Toxic Radiance  Alch           12%        N/A       43%         4
 Curse of Agony           Necr           12%        N/A       80%         5
 Dispersal                Tloc           6%         N/A       100%        6
 Summon Cactus Giant      Summ           6%         N/A       100%        6


Dungeon Overview and Level Annotations

Branches:
Dungeon (9/15)             Temple (1/1) D:6
   Lair: D:8-11         Orc: D:9-12

Altars:
Ashenzari
Cheibriados
Dithmenos
Elyvilon
Fedhas
Gozag
Hepliaklqana
Kikubaaqudgha
Makhleb
Nemelex Xobeh
Okawaru
Qazlal
Ru
Sif Muna
Trog
Uskayaw
Vehumet
Wu Jian
Xom
Yredelemnul
Zin
The Shining One

Shops:
D:1 :   D:6 (   D:7 ?

Annotations:
D:5 2 transporters, GloriousHammer's ghost, weakling FoDe
D:6 5 runed translucent doors
D:9 Amaemon


Message History

Reactivating autopickup.
You feel a bit more experienced.
An orc comes into view. It is wielding a +0 mace of holy wrath.
Your Dodging skill increases to level 9!
Unknown command.
Unknown command.
Unknown command.
Casting: Scorch (safe; 1% risk of failure)
Confirm with . or Enter, or press ? or * to list all spells.
Aiming: Inner Flame (safe; 1% risk of failure)
Press: ? - help, Dir - move target, f - orc
Aim: an orc, wielding a +0 mace of holy wrath (chance to affect: 95%)
The orc is filled with an inner flame.
You feel sick.
Amaemon gestures at the scorpion while chanting.
Melek hits the orc with a +0 flail.
Flame seeps out of the orc.
Unknown command.
Unknown command.
Unknown command.
You feel sick.
The orc is engulfed in blazing flames.
The orc explodes!
Melek avoids your attack.
The fiery explosion engulfs the scorpion!!
You kill the scorpion!
The scorpion's corpse disappears in a puff of smoke!
You feel a bit more experienced.
You feel sick.
You feel sick.
You feel sick.
You feel sick.
You are no longer poisoned.
There is an open door here.
The yak attacks as it pursues you! The yak gores you!
* * * LOW HITPOINT WARNING * * *
There is an open door, spattered with blood here.
Casting: Inner Flame (safe; 1% risk of failure)
Confirm with . or Enter, or press ? or * to list all spells.
Flames lash the yak.
The yak is moderately wounded.
The yak's fire resistance burns away.
The yak gores you!
You die...

#...............
#..........>....
#...s......#....
##...#######....
#####...##### ...
#...#...#...#
#.>.#.⌠R#.<.#
#...#...#...#
#####[..#'#'#@..#####
#.......'...Y.......#
#.>.....#.8.#.....<.#
#.......+.).'.......#
#####...#'#'#...#####
#...#..)#...#
#.>.#.⌠.#.<.#
#...#..)#...#
#####...#####


You could see a yak (combustible).

Vanquished Creatures
  Erica (D:9)
  Pikel (D:7)
  Maurice (D:7)
  Sigmund (D:3)
  7 yaks
  2 steam dragons
  A water moccasin (D:7)
  2 orc warriors
  A black bear (D:4)
  2 centaurs
  3 lemures (D:7)
  3 ogres
  A phantom (D:5)
  2 kobold brigands (D:7)
  A gnoll sergeant (D:5)
  2 bullfrogs
  2 scorpions
  9 wights (D:8)
  A howler monkey (D:5)
  A bombardier beetle (D:5)
  A centaur zombie (D:8)
  A hound (D:7)
  A jelly (D:5)
  3 orc priests
  Terence (D:3)
  Jessica (D:3)
  3 iguanas
  Natasha (thrice) (D:2)
  3 orc wizards
  A killer bee zombie (D:8)
  A howler monkey zombie (D:8)
  6 gnolls
  6 adders
  3 ufetubi
  12 orcs
  4 ball pythons
  3 bats
  9 endoplasms
  3 giant cockroaches
  6 goblins
  5 hobgoblins
  4 jackals (D:3)
  2 quokkas
  5 frilled lizards
  14 kobolds
  A rat (D:2)
146 creatures vanquished.

Vanquished Creatures (collateral kills)
  2 yaks (D:8)
  A water moccasin (D:7)
  2 black bears
  An orc warrior (D:7)
  An ogre (D:5)
  A lemure (D:7)
  A kobold brigand (D:8)
  A sleepcap (D:7)
  A hound (D:7)
  An iguana (D:5)
  An orc wizard (D:7)
  A killer bee zombie (D:8)
  A howler monkey zombie (D:8)
  A gnoll (D:8)
  A shadow imp (D:7)
  An ufetubus (D:6)
  3 orcs
  3 kobolds (D:7)
24 creatures vanquished.

Vanquished Creatures (others)
  2 knights
  2 ancestors
  522 foxfires
526 creatures vanquished.

Grand Total: 696 creatures vanquished

Notes
Turn   | Place    | Note
-------+----------+-------------------------------------------
     0 | D:1      | cdecastro the Deep Elf Fire Elementalist began the quest
                  | for the Orb.
     0 | D:1      | Reached XP level 1. HP: 10/10 MP: 6/6
   262 | D:1      | Found Woilal's Book Shoppe.
   270 | D:1      | Reached XP level 2. HP: 15/15 MP: 4/8
   725 | D:2      | Found a faded altar of an unknown god.
   867 | D:2      | Reached XP level 3. HP: 19/19 MP: 2/9
   946 | D:1      | Learned a level 2 spell: Scorch
  1215 | D:2      | Reached skill level 5 in Fire Magic
  1259 | D:2      | Noticed Natasha
  1262 | D:2      | Killed Natasha
  1263 | D:2      | Reached XP level 4. HP: 19/24 MP: 6/10
  1331 | D:2      | Noticed Natasha
  1336 | D:2      | Killed Natasha
  1636 | D:2      | Noticed Natasha
  1638 | D:2      | Killed Natasha
  1643 | D:2      | Learned a level 3 spell: Inner Flame
  1647 | D:2      | Learned a level 3 spell: Volatile Blastmotes
  1724 | D:3      | Noticed Jessica
  1729 | D:3      | Killed Jessica
  1730 | D:3      | Reached XP level 5. HP: 28/28 MP: 4/11
  1731 | D:3      | Noticed Terence
  1940 | D:3      | Noticed Sigmund
  1953 | D:3      | Killed Terence
  2027 | D:3      | Killed Sigmund
  2028 | D:3      | Reached XP level 6. HP: 32/32 MP: 7/12
  2255 | D:3      | Found a glowing golden altar of the Shining One.
  2256 | D:3      | Found a sparkling altar of Nemelex Xobeh.
  2256 | D:3      | Found an ornate altar of the Wu Jian Council.
  2322 | D:3      | Found a hazy altar of Hepliaklqana.
  2532 | D:3      | Became a worshipper of Hepliaklqana the Forgotten
  3067 | D:4      | Reached * piety under Hepliaklqana
  3139 | D:4      | Reached skill level 5 in Spellcasting
  3320 | D:4      | Reached XP level 7. HP: 32/32 MP: 14/16
  3501 | D:4      | Learned a level 4 spell: Flame Wave
  3502 | D:5      | Entered Level 5 of the Dungeon
  3518 | D:5      | Found a white marble altar of Elyvilon.
  3736 | D:5      | Found a transporter.
  3743 | D:5      | Noticed GloriousHammer's ghost (weakling FoDe)
  3897 | D:5      | Found a transporter.
  4341 | D:5      | Reached XP level 8. HP: 36/36 MP: 17/23
  4647 | D:6      | Found Hafoeqen's Weapon Shoppe.
  4699 | D:6      | Reached skill level 10 in Spellcasting
  4955 | D:6      | Reached ** piety under Hepliaklqana
  4977 | D:6      | Remembered your ancestor Melek as a knight
  5161 | D:6      | Found the +9 staff of Olgreb {rPois∞}
  5185 | D:6      | Found a runed translucent door.
  5193 | D:6      | Found a runed translucent gate.
  5193 | D:6      | Found a runed translucent gate.
  5198 | D:6      | Found a runed translucent door.
  5209 | D:6      | Found a runed translucent gate.
  5243 | D:6      | Found a staircase to the Ecumenical Temple.
  5837 | Temple   | Found a transporter.
  5837 | Temple   | Found a transporter.
  5837 | Temple   | Found a transporter.
  5837 | Temple   | Found a transporter.
  5837 | Temple   | Entered the Ecumenical Temple
  6053 | D:7      | Reached *** piety under Hepliaklqana
  6095 | D:7      | Noticed Pikel
  6107 | D:7      | Reached skill level 5 in Conjurations
  6117 | D:7      | Killed Pikel
  6118 | D:7      | Reached XP level 9. HP: 38/40 MP: 12/25
  6376 | D:7      | Reached skill level 5 in Dodging
  6518 | D:7      | Noticed Maurice
  6528 | D:7      | Killed Maurice
  6894 | D:7      | Found Wogga's Magic Scroll Shop.
  6898 | D:7      | Bought a scroll of blinking for 105 gold pieces
  6898 | D:7      | Bought a scroll of identify for 28 gold pieces
  6898 | D:7      | Bought a scroll of poison for 56 gold pieces
  6898 | D:7      | Bought a scroll of revelation for 105 gold pieces
  6898 | D:7      | Bought a scroll of immolation for 56 gold pieces
  6898 | D:7      | Bought a scroll of amnesia for 56 gold pieces
  6924 | D:7      | Reached skill level 10 in Fire Magic
  7331 | D:8      | Reached XP level 10. HP: 45/45 MP: 6/26
  7589 | D:8      | Reached skill level 10 in Conjurations
  8221 | D:8      | Reached **** piety under Hepliaklqana
  9031 | D:9      | Noticed Erica
  9213 | D:9      | Noticed Amaemon
  9213 | D:9      | Killed Erica
  9230 | D:9      | Slain by a yak

Illustrated notes

Levels and vault maps discovered:
D:1:      eino_arrival_water_cross, layout_basic, serial_shops,
          nicolae_shop_statue_plus, chequers_mini_garden
D:2:      layout_basic, ebering_ecumenical_altar_ruins,
          dreamdust_mushroom_princess, uniq_natasha
D:3:      layout_basic, nicolae_overflow_quartered_altars, uniq_terence,
          uniq_jessica, uniq_sigmund
D:4:      layout_basic
D:5:      layout_gridville, elyvilon_altar_1, gammafunk_ghost_arena,
          hangedman_minor_gate_pass
D:6:      layout_basic, minmay_temple_entry_mini_moons, serial_shops,
          nicolae_shop_tiny_statue_garden, minmay_statues_item, nrook_campfire,
          minmay_guarded_unrand_staff_of_olgreb
D:7:      layout_cave_pods, serial_shops, shop, uniq_maurice, uniq_pikel
D:8:      layout_basic, serial_undead, serial_undead_e, serial_undead_a,
          serial_undead_a, serial_undead_d, nicolae_nh_ransacked_shop
D:9:      layout_rooms, ebering_ghost_disaster_area,
          nicolae_elevator_lobby_plus, uniq_harold, uniq_amaemon, uniq_erica
Temple:   hellmonk_temple_divided_pantheon

Skill      XL: |  1  2  3  4  5  6  7  8  9 10 |
---------------+-------------------------------+-----
Fire Magic     | 4 5 6 7 8 10 | 10.0
Spellcasting   | 5 9 10 | 10.0
Conjurations   | 7 9 10 | 10.0
Dodging        | 3 5 9 |  9.4
Stealth        | |  2.4

Action                     |  1- 3 |  4- 6 |  7- 9 | 10-12 || total
---------------------------+-------+-------+-------+-------++-------
   Cast: Foxfire           |    51 |    84 |   146 |    36 ||   317
         Scorch            |     3 |     9 |    31 |    32 ||    75
         Inner Flame       |       |       |     4 |    10 ||    14
         Flame Wave        |       |       |     1 |       ||     1
 Invoke: Recall Ancestor   |       |       |     1 |     1 ||     2
         Ancestor Life: Kn |       |       |     1 |       ||     1
 Armour: Robe              |     4 |     5 |     4 |       ||    13
         Steam dragon scal |       |       |     7 |     6 ||    13
  Dodge: Dodged            |     7 |     3 |     9 |     7 ||    26
